 Dungeon Crawl Stone Soup version 0.29.1-2-gbd0b4ee654 (webtiles) character file.

Game seed: 14023480510142108454

111 safid the Shooter (level 4, -2/41 HPs)
             Began as a Minotaur Hunter on Nov 30, 2022.
             Slain by an iguana (8 damage)
             ... on level 3 of the Dungeon.
             The game lasted 00:03:07 (1962 turns).

safid the Shooter (Minotaur Hunter)                 Turns: 1962, Time: 00:03:07

Health: -2/41      AC:  4    Str: 16    XL:     4   Next: 62%
Magic:  3/3        EV: 12    Int:  6    God:
Gold:   134        SH:  0    Dex: 15    Spells: 3/3 levels left

rFire   + . .      SeeInvis .   a - +0 shortbow
rCold   . . .      Faith    .   (shield currently unavailable)
rNeg    . . .      Spirit   .   c - +0 leather armour
rPois   .          Reflect  .   (helmet restricted)
rElec   .          Harm     .   (no cloak)
rCorr   .          Rampage  .   (no gloves)
Will    .....                   i - +0 pair of boots
Stlth   +.........              (no amulet)
HPRegen 0.13/turn               d - ring of protection from fire
MPRegen 0.08/turn               (no ring)

@: about to teleport
A: horns 2, retaliatory headbutt
a: no special abilities


You were on level 3 of the Dungeon.
You visited 1 branch of the dungeon, and saw 3 of its levels.

You collected 134 gold pieces.

Inventory:

Hand Weapons
 a - a +0 shortbow (weapon)
Armour
 c - a +0 leather armour (worn)
 i - a +0 pair of boots (worn)
Jewellery
 d - a ring of protection from fire (left hand)
Scrolls
 b - 2 scrolls of immolation
 e - a scroll of blinking {unknown}
 h - a scroll of fear {unknown}
 j - a scroll of identify {unknown}
 k - a scroll of noise {unknown}
 m - a scroll of poison {unknown}
Potions
 l - a potion of might {unknown}


   Skills:
 + Level 4.5 Fighting
 + Level 5.6 Ranged Weapons
 - Level 2.1 Dodging
 - Level 0.7 Stealth


You had 3 spell levels left.
You didn't know any spells.
Your spell library contained the following spells:

 Spells                   Type           Power      Damage    Failure   Level
 Chain Lightning          Conj/Air       0%         N/A       100%        9
 Fire Storm               Conj/Fire      0%         5d1       100%        9
 Shatter                  Erth           0%         3d5*      100%        9


Dungeon Overview and Level Annotations

Branches:
Dungeon (3/15)

Altars:

Shops:
D:2 :

Annotations:
D:2 1 runed translucent door, Crazy Yiuf


Innate Abilities, Weirdness & Mutations

You have a pair of horns on your head.
You reflexively headbutt those who attack you in melee.


Message History

You are too injured to fight recklessly!
You are too injured to fight recklessly!
Unknown command.
You are too injured to fight recklessly!
The jackal bites you but does no damage.
The jackal attacks as you move away! The jackal closely misses you.
The iguana attacks as you move away! The iguana barely misses you.
The jackal attacks as you move away! The jackal barely misses you.
You furiously retaliate!
You headbutt the jackal. The jackal bites you.
The iguana attacks as you move away! The iguana bites you.
The iguana attacks as you move away! The iguana barely misses you.
The jackal barely misses you. The jackal bites you.
The jackal attacks as you move away! The jackal misses you.
You furiously retaliate!
You headbutt the jackal. The jackal attacks as you move away!
The jackal misses you.
The jackal bites you but does no damage.
The iguana attacks as you move away! The iguana barely misses you.
You furiously retaliate!
You headbutt the iguana. The jackal attacks as you move away!
The jackal closely misses you. The jackal attacks as you move away!
The jackal bites you.
* * * LOW HITPOINT WARNING * * *
The iguana attacks as you move away! The iguana bites you!
* * * LOW HITPOINT WARNING * * *
The jackal attacks as you move away! The jackal barely misses you.
The iguana attacks as you move away! The iguana bites you.
* * * LOW HITPOINT WARNING * * *
Unknown command.
You feel better. The jackal closely misses you.
The jackal completely misses you. The iguana completely misses you.
The jackal barely misses you. x2; You furiously retaliate!
You headbutt the jackal!
You kill the jackal!
As you read the scroll labelled RILOTZUZEI, it crumbles to dust.
You feel strangely unstable.
It was a scroll of teleportation.
The iguana barely misses you. The jackal misses you. The jackal bites you.
* * * LOW HITPOINT WARNING * * *
The iguana attacks as you move away! The iguana bites you!
You die...

#########)#...... ###'#......
####..)....... #............#
#............# ########
#............# #......#
#....#.####### #......#
#...)#+##########......#######
#.....>......@l.g...........?#
#............†h..............†
#............##..(.######.....
#....##########....# #.###.
###### #....# #.# . #....# #.#
. #)...# #.# . #....# #.# .
#....#


You could see an iguana, a jackal and a goblin.

Vanquished Creatures
  4 adders
  4 gnolls (D:3)
  A dart slug (D:2)
  2 bats
  An endoplasm (D:2)
  A giant cockroach (D:1)
  4 goblins
  3 hobgoblins
  2 jackals (D:3)
  4 kobolds (D:1)
  2 quokkas (D:1)
  4 ball pythons
  9 rats
41 creatures vanquished.

Notes
Turn   | Place    | Note
-------+----------+-------------------------------------------
     0 | D:1      | safid the Minotaur Hunter began the quest for the Orb.
     0 | D:1      | Reached XP level 1. HP: 18/18 MP: 0/0
    66 | D:1      | Reached XP level 2. HP: 25/25 MP: 1/1
   439 | D:2      | Found Tazxiaku's Book Emporium.
   657 | D:2      | Reached skill level 5 in Ranged Weapons
   657 | D:2      | Reached XP level 3. HP: 4/31 MP: 2/2
  1004 | D:2      | Found a runed translucent door.
  1005 | D:2      | Noticed Crazy Yiuf
  1729 | D:3      | Reached XP level 4. HP: 4/40 MP: 3/3
  1958 | D:3      | HP: 2/41 [iguana (3)]
  1962 | D:3      | Slain by an iguana

Illustrated notes

Levels and vault maps discovered:
D:1:      minmay_arrival_radiant_lines, layout_rooms,
          chequers_serial_rivers_small_3, chequers_serial_rivers_micro_a
D:2:      layout_basic, serial_shops, nicolae_lakefront_shop,
          uniq_crazy_yiuf_cottage
D:3:      layout_basic

Skill      XL: |  1  2  3 |
---------------+----------+-----
Fighting       | 3 4 |  4.5
Ranged Weapons | 5 |  5.6
Dodging        | |  2.1
Stealth        | |  0.7

Action                   |  1- 3 |  4- 6 || total
-------------------------+-------+-------++-------
 Fire: Shortbow          |    87 |    23 ||   110
  Use: Potion            |     1 |     4 ||     5
       Scroll            |       |     1 ||     1
Armor: Leather armour    |    10 |     7 ||    17
Dodge: Dodged            |    19 |    37 ||    56
